Description

Gate expa Build into stargate phoenix with tranition on Immortal chargelor archon.

VOD

https://www.youtube.com/watch?v=QVXvN6JfWjo

Replay - Elazer v ShoWTimE: Game 4 - Frost LE

Build Order

Get SALT Encoding   

  12  0:00  Probe (Chrono Boost)  
  13  0:11  Probe (Chrono Boost)  
  14  0:18  Pylon  
  14  0:22  Probe (Chrono Boost)  
  15  0:36  Probe (Chrono Boost)  
  15  0:39  Gateway  
  16  0:47  Assimilator  
  16  0:48  Probe (Chrono Boost)  
  17  0:59  Probe (Chrono Boost)  
  18  1:09  Probe (Chrono Boost)  
  19  1:22  Nexus  
  19  1:25  Probe (Chrono Boost)  
  20  1:35  Cybernetics Core  
  20  1:39  Probe (Chrono Boost)  
  21  1:47  Assimilator  
  21  1:49  Probe (Chrono Boost)  
  22  1:54  Pylon  
  22  2:00  Probe (Chrono Boost)  
  23  2:09  Adept  
  23  2:12  Warp Gate  
  23  2:14  Probe (Chrono Boost)  
  26  2:26  Probe (Chrono Boost)  
  27  2:34  Stargate  
  27  2:36  Adept, Probe (Chrono Boost)  
  28  2:40  Probe (Chrono Boost)  
  31  2:46  Probe (Chrono Boost)  
  33  2:52  Probe (Chrono Boost)  
  33  2:53  Pylon  
  33  2:57  Probe (Chrono Boost)  
  34  3:05  Probe (Chrono Boost)  
  35  3:06  Adept  
  35  3:08  Probe (Chrono Boost)  
  38  3:16  Phoenix  
  38  3:18  Mothership Core (Chrono Boost), Probe (Chrono Boost)  
  43  3:29  Probe (Chrono Boost)  
  43  3:31  Pylon  
  43  3:33  Adept  
  46  3:38  Probe (Chrono Boost)  
  46  3:40  Phoenix  
  47  3:45  Probe (Chrono Boost)  
  50  3:50  Probe (Chrono Boost)  
  50  3:55  Probe (Chrono Boost)  
  52  4:00  Nexus  
  52  4:02  Pylon, Probe (Chrono Boost)  
  53  4:05  Phoenix  
  53  4:06  Probe (Chrono Boost)  
  56  4:15  Probe (Chrono Boost)  
  58  4:17  Probe (Chrono Boost)  
  58  4:23  Gateway  
  58  4:24  Gateway  
  58  4:27  Probe x2 (Chrono Boost)  
  58  4:31  Assimilator  
  60  4:34  Phoenix, Assimilator  
  63  4:39  Probe (Chrono Boost)  
  63  4:40  Probe (Chrono Boost)  
  64  4:51  Probe (Chrono Boost)  
  65  4:54  Pylon, Probe (Chrono Boost)  
  65  4:55  Phoenix  
  68  5:03  Probe (Chrono Boost)  
  68  5:06  Robotics Facility  
  69  5:07  Probe (Chrono Boost)  
  69  5:13  Pylon  
  71  5:16  Probe (Chrono Boost)  
  71  5:17  Probe (Chrono Boost)  
  71  5:19  Probe (Chrono Boost)  
  73  5:24  Twilight Council, Assimilator  
  73  5:26  Assimilator  
  73  5:27  Phoenix  
  73  5:28  Probe x2 (Chrono Boost)  
  75  5:29  Probe (Chrono Boost)  
  78  5:38  Probe (Chrono Boost)  
  78  5:40  Robotics Facility, Probe x2 (Chrono Boost)  
  81  5:42  Forge  
  81  5:49  Probe (Chrono Boost)  
  82  5:51  Probe (Chrono Boost)  
  82  5:52  Probe (Chrono Boost)  
  82  5:53  Pylon, Observer  
  85  5:59  Probe (Chrono Boost)  
  85  6:01  Charge  
  85  6:02  Probe (Chrono Boost)  
  85  6:03  Protoss Ground Weapons Level 1  
  86  6:04  Probe (Chrono Boost)  
  86  6:09  Templar Archives  
  86  6:10  Probe (Chrono Boost)  
  87  6:13  Probe (Chrono Boost), Sentry, Zealot x2  
  94  6:20  Warp Prism  
  94  6:24  Photon Cannon  
  96  6:33  Immortal  
  96  6:37  Psionic Storm  
  96  6:41  Zealot x3  
  96  6:44  Pylon  
  100  6:56  Immortal  
  100  6:59  Photon Cannon, Pylon  
  104  7:08  Gateway  
  104  7:10  Gateway  
  104  7:11  Gateway  
  104  7:12  Zealot x3  
  110  7:19  Immortal  
  106  7:29  Pylon  
  106  7:30  Gateway  
  106  7:36  Gateway  
  106  7:38  Pylon, Immortal  
  106  7:39  Zealot x2  
  114  7:49  Pylon  
  114  7:50  Blink  
  114  7:53  High Templar  
  116  7:59  Pylon  
  116  8:00  High Templar  
  116  8:03  Zealot  
  120  8:07  Archon  
  120  8:11  Zealot  
  120  8:12  Protoss Ground Weapons Level 2  
  116  8:18  Immortal  
  120  8:24  Photon Cannon  
  120  8:27  High Templar  
  120  8:28  High Templar x3  
  120  8:29  Pylon  
  120  8:31  Pylon  
  120  8:32  Pylon, Archon x2  
  126  8:37  High Templar x2, Zealot  
  132  8:43  Archon  
  132  8:45  Photon Cannon  
  132  8:48  Pylon  
  132  8:53  Dark Shrine  
  132  8:54  Zealot  
  134  9:01  High Templar x2  
  134  9:02  Zealot x3  
  144  9:05  Archon  
  144  9:10  Pylon, Nexus  
  144  9:13  Pylon, Gateway  
  143  9:25  Stalker x5  
  143  9:26  Stalker  
  155  9:45  Nexus  
  155  9:47  Pylon  
  155  9:48  Pylon  
  155  9:50  Pylon  
  155  9:52  Pylon, Zealot  
  155  9:53  Zealot x4  
  155  9:56  Immortal  
  157  10:01  Immortal  
  165  10:11  Dark Templar x2  
  169  10:15  Pylon  
  162  10:26  Zealot x2  
  162  10:27  Zealot x5  
  172  10:30  Immortal  
  174  10:40  Immortal  
  158  10:43  High Templar x2  
  158  10:49  Protoss Ground Weapons Level 3  
  162  10:50  High Templar x2  
  164  10:57  Nexus  
  164  11:04  Immortal  
  164  11:05  Pylon  
  164  11:11  Fleet Beacon  
  168  11:14  Zealot x2  
  168  11:18  Zealot  
  174  11:20  Zealot  
  174  11:24  Zealot  
  176  11:27  Zealot  
  176  11:32  Pylon  
  178  11:40  High Templar x2  
  180  11:54  Archon  
  180  11:55  Stargate  
  180  11:58  Tempest  
  170  12:10  Zealot x6  
  170  12:15  Immortal  
  182  12:39  Immortal  
  182  12:42  High Templar x3  
  182  12:43  High Templar  
  178  12:49  Assimilator  
  178  12:53  Pylon, Assimilator  
  178  12:55  Pylon  
  178  12:57  Pylon  
  178  13:02  High Templar x2  
  178  13:04  Zealot x3  
  181  13:10  Immortal  
  143  13:20  Dark Templar  
  143  13:24  Zealot x4  
  147  13:34  Zealot x2  
  147  13:35  Zealot  
  151  13:43  Zealot  
Spawning Tool Build Advisor. Get it on Overwolf

Analysis

Is more important the chargelot than archons by tanking damage. The immortal in concave have to focuss the lurkers. The archon are the second defense of immortal. This build is weak to air atacks if you lose the early phoenixes, you will need them. Improve strorm for splash damage. In late game if the zerg build broodlors you need 2 stargate more and fleed beacom to create tempest

Go to:

Details

  • Created by: Zeruell
  • Published on: Sep 15, 2016
  • Modified on: Sep 15, 2016
  • Patch: Pre-3.8.0
Show
View Real Time Build Order
Export as new Build Order

Comments (0)

There are no comments. Be the first!

Create an account to comment!